General information
- name: BNet
- type: Ladder team game (AT/RT)
- host: Battle.net
- saver: DaBarbarian
map: Cherryville
- players: 8
- length: 37:30
- speed: Fast
- version: 1.26 W3XP
- replay type: Public
» download(183 KB)
Players
team 1 (loser)
ShinzoX (
teal | 0 APM | 0 actions | 03:01)
939495969792 (
green | 64 APM | 2406 actions | 37:29)
10 Archmage
3 Summon Water Elemental
3 Brilliance Aura
1 Mass Teleport
3 Blizzard
» actions
| Assign group hotkey | 96 | |
| Basic commands | 34 | |
| Build / train | 245 | |
| ESC pressed | 21 | |
| Enter build submenu | 82 | |
| Enter hero's abilities submenu | 10 | |
| Give item / drop item | 1 | |
| Remove unit from queue | 1 | |
| Right click | 705 | |
| Select / deselect | 447 | |
| Select group hotkey | 553 | |
| Use ability | 211 | |
2406 total
» units
| Peasant | 15 | |
| Footman | 5 | |
| Goblin Shredder | 3 | |
| Goblin Zeppelin | 3 | |
| Gryphon Rider | 8 | |
| Wisp | 13 | |
| Chimaera | 4 | |
51 total
» upgrades
| Masonry | 3 | |
| Lumber Harvesting | 2 | |
| Swords | 3 | |
| Armor | 3 | |
| Storm Hammers | 1 | |
| Animal War Training | 1 | |
| Nature's Blessing | 1 | |
| Well Spring | 1 | |
| Strength of the Wild | 2 | |
| Reinforced Hides | 2 | |
| Corrosive Breath | 1 | |
20 total
» buildings
| Altar of Kings | 1 | |
| Barracks | 1 | |
| Farm | 14 | |
| Lumber Mill | 3 | |
| Arcane Vault | 1 | |
| Scout Tower | 41 | |
| Arcane Tower | 9 | |
| Guard Tower | 70 | |
| Town Hall | 1 | |
| Keep | 3 | |
| Blacksmith | 1 | |
| Castle | 3 | |
| Gryphon Aviary | 2 | |
| Ziggurat | 3 | |
| Nerubian Tower | 3 | |
| Spirit Tower | 5 | |
| Workshop | 1 | |
| Cannon Tower | 32 | |
| Ancient Protector | 11 | |
| Chimaera Roost | 2 | |
207 total
» build order
00:50 Altar of Kings
00:53 Barracks
00:55 Farm
01:05 Farm
01:52 Lumber Mill
01:58 Farm
02:07 Arcane Vault
02:16 Scout Tower
02:44 Arcane Tower
02:45 Arcane Tower
03:01 Farm
03:23 Scout Tower
04:16 Guard Tower
04:17 Guard Tower
04:19 Town Hall
04:24 Scout Tower
04:32 Scout Tower
04:33 Scout Tower
04:36 Scout Tower
04:53 Scout Tower
04:56 Guard Tower
04:56 Guard Tower
05:09 Guard Tower
05:09 Guard Tower
05:09 Guard Tower
05:10 Guard Tower
05:53 Keep
05:53 Keep
05:53 Keep
06:30 Guard Tower
06:31 Guard Tower
06:31 Guard Tower
06:34 Scout Tower
06:34 Scout Tower
06:39 Scout Tower
06:43 Scout Tower
06:47 Blacksmith
07:40 Guard Tower
07:40 Guard Tower
07:40 Guard Tower
07:45 Guard Tower
08:15 Guard Tower
08:15 Guard Tower
08:37 Scout Tower
08:50 Scout Tower
09:02 Arcane Tower
09:02 Arcane Tower
09:44 Castle
09:44 Castle
09:48 Gryphon Aviary
09:51 Gryphon Aviary
10:04 Scout Tower
10:05 Scout Tower
10:14 Scout Tower
10:15 Scout Tower
10:17 Scout Tower
10:19 Scout Tower
10:20 Scout Tower
10:21 Scout Tower
10:42 Guard Tower
10:43 Guard Tower
10:43 Guard Tower
10:43 Guard Tower
11:19 Ziggurat
11:25 Ziggurat
11:29 Ziggurat
11:35 Nerubian Tower
11:35 Nerubian Tower
11:35 Nerubian Tower
11:51 Spirit Tower
11:51 Spirit Tower
12:14 Spirit Tower
12:14 Spirit Tower
12:37 Scout Tower
12:38 Scout Tower
12:40 Scout Tower
12:41 Scout Tower
12:44 Scout Tower
12:46 Scout Tower
12:50 Scout Tower
13:09 Farm
13:11 Farm
13:12 Guard Tower
13:13 Guard Tower
13:13 Guard Tower
13:14 Guard Tower
13:15 Guard Tower
13:26 Guard Tower
13:26 Guard Tower
13:26 Guard Tower
13:35 Workshop
13:41 Guard Tower
13:41 Guard Tower
13:41 Guard Tower
13:43 Guard Tower
13:52 Scout Tower
13:54 Scout Tower
13:55 Scout Tower
13:59 Scout Tower
14:00 Scout Tower
14:29 Scout Tower
14:32 Scout Tower
14:36 Farm
14:38 Farm
14:41 Cannon Tower
14:41 Cannon Tower
14:42 Cannon Tower
14:44 Cannon Tower
14:44 Cannon Tower
14:46 Cannon Tower
14:46 Cannon Tower
14:46 Cannon Tower
14:49 Guard Tower
14:51 Cannon Tower
14:51 Cannon Tower
14:53 Cannon Tower
14:53 Cannon Tower
14:54 Cannon Tower
14:54 Guard Tower
14:55 Guard Tower
14:55 Guard Tower
15:09 Guard Tower
15:10 Guard Tower
15:10 Guard Tower
15:11 Cannon Tower
15:11 Cannon Tower
15:11 Cannon Tower
15:12 Cannon Tower
15:17 Cannon Tower
15:17 Cannon Tower
15:17 Cannon Tower
15:21 Farm
15:23 Guard Tower
15:23 Guard Tower
15:24 Arcane Tower
15:24 Arcane Tower
15:24 Arcane Tower
15:28 Farm
15:28 Farm
15:42 Farm
16:24 Farm
17:32 Scout Tower
17:35 Scout Tower
17:36 Scout Tower
17:38 Scout Tower
17:39 Scout Tower
17:41 Scout Tower
18:11 Guard Tower
18:15 Guard Tower
18:15 Guard Tower
18:17 Cannon Tower
18:17 Cannon Tower
18:17 Cannon Tower
18:18 Guard Tower
18:18 Guard Tower
18:23 Guard Tower
18:23 Guard Tower
18:57 Guard Tower
18:57 Guard Tower
19:25 Lumber Mill
19:29 Lumber Mill
19:36 Ancient Protector
19:37 Ancient Protector
19:38 Ancient Protector
19:42 Ancient Protector
19:54 Farm
20:55 Ancient Protector
21:39 Ancient Protector
22:21 Ancient Protector
22:42 Ancient Protector
22:45 Ancient Protector
23:07 Ancient Protector
23:10 Ancient Protector
27:44 Chimaera Roost
27:49 Chimaera Roost
» items
| Scroll of Regeneration | 4 | |
| Mechanical Critter | 3 | |
| Scroll of Town Portal | 1 | |
| Staff of Sanctuary | 1 | |
9 total
POWERBALL-WINNE (
red | 55 APM | 2056 actions | 37:29)
6 Blood Mage
3 Flame Strike
2 Banish
1 Summon Phoenix
3 Death Knight
2 Death Coil
1 Unholy Aura
» actions
| Assign group hotkey | 36 | |
| Basic commands | 2 | |
| Build / train | 141 | |
| Enter build submenu | 34 | |
| Enter hero's abilities submenu | 9 | |
| Remove unit from queue | 1 | |
| Right click | 790 | |
| Select / deselect | 342 | |
| Select group hotkey | 605 | |
| Use ability | 96 | |
2056 total
» units
| Peasant | 14 | |
| Footman | 3 | |
| Wisp | 8 | |
| Frost Wyrm | 5 | |
| Gryphon Rider | 8 | |
| Acolyte | 6 | |
| Hippogryph | 26 | |
| Dragonhawk Rider | 4 | |
74 total
» upgrades
| Lumber Harvesting | 2 | |
| Masonry | 3 | |
| Creature Attack | 3 | |
| Creature Carapace | 3 | |
| Storm Hammers | 2 | |
| Cloud | 1 | |
| Swords | 2 | |
| Armor | 2 | |
| Animal War Training | 1 | |
| Freezing Breath | 1 | |
| Strength of the Wild | 1 | |
| Reinforced Hides | 1 | |
| Ultravision | 1 | |
23 total
» buildings
| Altar of Kings | 1 | |
| Barracks | 1 | |
| Farm | 9 | |
| Scout Tower | 15 | |
| Lumber Mill | 1 | |
| Arcane Tower | 2 | |
| Keep | 1 | |
| Moon Well | 7 | |
| Altar of Elders | 1 | |
| Town Hall | 2 | |
| Arcane Vault | 3 | |
| Tree of Ages | 1 | |
| Hunter's Hall | 1 | |
| Castle | 1 | |
| Guard Tower | 11 | |
| Sacrificial Pit | 1 | |
| Gryphon Aviary | 2 | |
| Boneyard | 3 | |
| Ziggurat | 4 | |
| Ancient of Wind | 2 | |
| Spirit Tower | 2 | |
| Blacksmith | 1 | |
| Tree of Eternity | 2 | |
| Ancient of Wonders | 1 | |
| Nerubian Tower | 1 | |
| Workshop | 2 | |
78 total
» build order
00:07 Altar of Kings
00:22 Barracks
00:36 Farm
00:53 Farm
01:44 Scout Tower
01:51 Lumber Mill
02:12 Arcane Tower
02:12 Arcane Tower
02:43 Farm
03:02 Keep
03:15 Moon Well
03:36 Altar of Elders
04:36 Town Hall
04:51 Arcane Vault
05:04 Tree of Ages
05:08 Moon Well
05:08 Moon Well
05:08 Moon Well
06:28 Hunter's Hall
06:42 Scout Tower
06:43 Scout Tower
06:43 Scout Tower
06:44 Scout Tower
06:44 Scout Tower
06:45 Scout Tower
06:55 Castle
07:42 Guard Tower
07:52 Guard Tower
08:01 Guard Tower
08:06 Sacrificial Pit
08:39 Gryphon Aviary
09:12 Boneyard
09:12 Boneyard
09:14 Boneyard
09:17 Ziggurat
09:17 Ziggurat
09:40 Gryphon Aviary
10:14 Scout Tower
10:15 Scout Tower
10:21 Farm
10:23 Farm
10:23 Farm
10:32 Ancient of Wind
10:33 Ancient of Wind
10:58 Guard Tower
12:14 Spirit Tower
12:43 Farm
12:44 Farm
12:44 Farm
13:29 Arcane Vault
14:20 Blacksmith
15:58 Moon Well
15:58 Moon Well
15:59 Moon Well
17:39 Tree of Eternity
17:39 Tree of Eternity
17:42 Ancient of Wonders
19:50 Scout Tower
19:50 Scout Tower
19:51 Scout Tower
19:51 Scout Tower
19:52 Scout Tower
19:52 Scout Tower
19:58 Nerubian Tower
20:32 Guard Tower
20:48 Guard Tower
20:48 Guard Tower
20:50 Guard Tower
20:50 Guard Tower
20:57 Workshop
21:05 Workshop
22:22 Ziggurat
22:23 Ziggurat
27:01 Town Hall
27:10 Arcane Vault
» items
| Scroll of Regeneration | 2 | |
| Ivory Tower | 2 | |
| Potion of Lesser Invulnerability | 1 | |
| Staff of Teleportation | 1 | |
| Potion of Invisibility | 1 | |
| Potion of Mana | 1 | |
8 total
JannaLover (
blue | 10 APM | 79 actions | 07:59)
» actions
| Build / train | 11 | |
| Enter build submenu | 7 | |
| Right click | 23 | |
| Select / deselect | 33 | |
| Use ability | 5 | |
79 total
» units
» buildings
| Crypt | 1 | |
| Ziggurat | 2 | |
| Halls of the Dead | 1 | |
| Altar of Darkness | 1 | |
| Black Citadel | 1 | |
| Graveyard | 1 | |
7 total
» build order
00:22 Crypt
00:29 Ziggurat
02:20 Halls of the Dead
02:28 Altar of Darkness
03:04 Ziggurat
04:55 Black Citadel
06:09 Graveyard
team 2 (winner)
https (
pink | 28 APM | 1049 actions | 37:29)
3 Demon Hunter
1 Immolation
2 Evasion
» actions
| Basic commands | 37 | |
| Build / train | 82 | |
| Enter build submenu | 38 | |
| Enter hero's abilities submenu | 3 | |
| Remove unit from queue | 5 | |
| Right click | 455 | |
| Select / deselect | 364 | |
| Use ability | 65 | |
1049 total
» units
| Wisp | 34 | |
| Archer | 2 | |
| Chimaera | 4 | |
| Hippogryph | 16 | |
56 total
» upgrades
| Ultravision | 1 | |
| Strength of the Wild | 3 | |
| Reinforced Hides | 3 | |
| Corrosive Breath | 1 | |
| Nature's Blessing | 1 | |
9 total
» buildings
| Moon Well | 9 | |
| Altar of Elders | 1 | |
| Ancient of War | 1 | |
| Hunter's Hall | 1 | |
| Tree of Life | 3 | |
| Ancient Protector | 8 | |
| Tree of Ages | 1 | |
| Ancient of Wonders | 1 | |
| Tree of Eternity | 1 | |
| Ancient of Wind | 6 | |
| Chimaera Roost | 5 | |
37 total
» build order
00:35 Moon Well
00:40 Altar of Elders
01:30 Ancient of War
01:36 Moon Well
02:25 Hunter's Hall
02:42 Moon Well
04:10 Tree of Life
04:15 Ancient Protector
04:32 Ancient Protector
04:38 Ancient Protector
05:24 Tree of Ages
05:30 Ancient of Wonders
06:01 Tree of Life
06:10 Ancient Protector
07:25 Ancient Protector
09:43 Tree of Eternity
09:47 Ancient of Wind
09:53 Moon Well
10:56 Moon Well
11:01 Ancient of Wind
12:09 Chimaera Roost
12:12 Chimaera Roost
12:17 Chimaera Roost
12:21 Chimaera Roost
12:26 Chimaera Roost
12:33 Moon Well
13:44 Ancient of Wind
13:58 Ancient of Wind
15:25 Ancient of Wind
15:37 Moon Well
15:53 Moon Well
16:38 Ancient of Wind
17:03 Moon Well
17:51 Tree of Life
18:53 Ancient Protector
18:57 Ancient Protector
19:42 Ancient Protector
» items
| Boots of Speed | 1 | |
| Staff of Teleportation | 1 | |
| Potion of Lesser Invulnerability | 1 | |
| Scroll of Town Portal | 1 | |
| Anti-magic Potion | 1 | |
5 total

»
MeSsi.No9 (
yellow | 92 APM | 2658 actions | 28:54)
7 Tauren Chieftain
3 Endurance Aura
3 War Stomp
1 Reincarnation
» actions
| Assign group hotkey | 26 | |
| Basic commands | 331 | |
| Build / train | 156 | |
| ESC pressed | 1 | |
| Enter build submenu | 20 | |
| Enter hero's abilities submenu | 8 | |
| Give item / drop item | 8 | |
| Right click | 686 | |
| Select / deselect | 367 | |
| Select group hotkey | 941 | |
| Use ability | 114 | |
2658 total
» units
| Peon | 18 | |
| Troll Headhunter/Berserker | 40 | |
| Shaman | 9 | |
| Troll Witch Doctor | 3 | |
70 total
» upgrades
| Ranged Weapons | 2 | |
| Armor | 2 | |
| Troll Regeneration | 1 | |
| Shaman Training | 2 | |
| Berserker Upgrade | 1 | |
| Reinforced Defenses | 1 | |
| Witch Doctor Training | 2 | |
11 total
» buildings
| War Mill | 1 | |
| Orc Burrow | 10 | |
| Barracks | 3 | |
| Altar of Storms | 1 | |
| Voodoo Lounge | 1 | |
| Stronghold | 4 | |
| Great Hall | 1 | |
| Fortress | 5 | |
| Spirit Lodge | 1 | |
27 total
» build order
00:22 War Mill
00:38 Orc Burrow
01:40 Barracks
01:41 Barracks
01:47 Barracks
01:51 Altar of Storms
02:05 Orc Burrow
02:21 Voodoo Lounge
03:06 Orc Burrow
05:39 Stronghold
05:39 Stronghold
05:40 Stronghold
06:24 Orc Burrow
06:27 Orc Burrow
07:42 Great Hall
08:02 Fortress
08:02 Fortress
08:02 Fortress
08:03 Fortress
08:21 Spirit Lodge
12:43 Orc Burrow
15:34 Orc Burrow
15:36 Orc Burrow
17:01 Orc Burrow
18:00 Orc Burrow
» items
| Healing Salve | 6 | |
| Scroll of Speed | 4 | |
| Potion of Mana | 1 | |
| Scroll of Healing | 1 | |
| Boots of Speed | 4 | |
| Scroll of Town Portal | 5 | |
| Orb of Lightning | 1 | |
22 total
DaBarbarian (
orange | 37 APM | 1394 actions | 37:30)
5 Blademaster
2 Wind Walk
3 Critical Strike
» actions
| Assign group hotkey | 82 | |
| Basic commands | 162 | |
| Build / train | 54 | |
| Enter build submenu | 47 | |
| Enter hero's abilities submenu | 7 | |
| Give item / drop item | 8 | |
| Remove unit from queue | 1 | |
| Right click | 533 | |
| Select / deselect | 260 | |
| Select group hotkey | 146 | |
| Use ability | 93 | |
1394 total
» units
| Peon | 8 | |
| Grunt | 4 | |
| Goblin Shredder | 1 | |
| Goblin Sapper | 8 | |
| Wind Rider | 5 | |
26 total
» upgrades
| Ranged Weapons | 3 | |
| Armor | 4 | |
| Reinforced Defenses | 1 | |
| Troll Regeneration | 0 | |
| Envenomed Spears | 1 | |
9 total
» buildings
| Orc Burrow | 6 | |
| Altar of Storms | 1 | |
| Barracks | 1 | |
| Voodoo Lounge | 2 | |
| War Mill | 2 | |
| Stronghold | 1 | |
| Great Hall | 3 | |
| Watch Tower | 29 | |
| Fortress | 1 | |
| Beastiary | 4 | |
50 total
» build order
00:17 Orc Burrow
00:47 Orc Burrow
01:08 Altar of Storms
01:08 Barracks
01:43 Voodoo Lounge
02:20 War Mill
04:00 Stronghold
04:25 Orc Burrow
05:13 Great Hall
05:16 Great Hall
05:25 Watch Tower
05:26 Watch Tower
06:27 Watch Tower
06:28 Watch Tower
06:28 Watch Tower
06:29 Watch Tower
07:43 Fortress
09:13 War Mill
09:30 Watch Tower
09:30 Watch Tower
09:30 Watch Tower
09:31 Watch Tower
09:34 Great Hall
09:40 Watch Tower
09:41 Watch Tower
09:45 Watch Tower
10:15 Watch Tower
10:15 Watch Tower
10:19 Watch Tower
10:19 Watch Tower
11:06 Voodoo Lounge
13:00 Beastiary
13:02 Beastiary
13:06 Beastiary
13:13 Beastiary
14:22 Watch Tower
14:24 Watch Tower
14:27 Watch Tower
15:11 Watch Tower
15:13 Watch Tower
15:20 Watch Tower
18:33 Orc Burrow
18:35 Orc Burrow
18:38 Orc Burrow
20:26 Watch Tower
20:30 Watch Tower
20:32 Watch Tower
20:34 Watch Tower
20:37 Watch Tower
» items
| Healing Salve | 3 | |
| Staff of Teleportation | 1 | |
| Mechanical Critter | 2 | |
| Orb of Lightning | 1 | |
| Scroll of Town Portal | 1 | |
| Dust of Appearance | 1 | |
9 total
freedomainradio (
purple | 50 APM | 800 actions | 16:06)
2 Archmage
1 Blizzard
1 Brilliance Aura
1 Mountain King
1 Storm Bolt
» actions
| Assign group hotkey | 21 | |
| Basic commands | 4 | |
| Build / train | 66 | |
| Enter build submenu | 23 | |
| Enter hero's abilities submenu | 3 | |
| Right click | 262 | |
| Select / deselect | 236 | |
| Select group hotkey | 118 | |
| Use ability | 67 | |
800 total
» units
| Peasant | 10 | |
| Rifleman | 6 | |
| Sorceress | 1 | |
| Priest | 1 | |
| Spell Breaker | 1 | |
| Flying Machine | 3 | |
| Goblin Sapper | 10 | |
32 total
» upgrades
| Gunpowder | 2 | |
| Armor | 2 | |
| Sorceress Training | 1 | |
| Priest Training | 1 | |
| Magic Sentry | 1 | |
| Lumber Harvesting | 2 | |
| Masonry | 3 | |
| Long Rifles | 1 | |
13 total
» buildings
| Lumber Mill | 1 | |
| Farm | 12 | |
| Scout Tower | 1 | |
| Altar of Kings | 1 | |
| Arcane Tower | 1 | |
| Blacksmith | 1 | |
| Barracks | 1 | |
| Keep | 1 | |
| Arcane Vault | 1 | |
| Arcane Sanctum | 2 | |
| Workshop | 3 | |
25 total
» build order
00:20 Lumber Mill
00:27 Farm
00:59 Scout Tower
01:25 Altar of Kings
01:27 Arcane Tower
02:06 Blacksmith
02:36 Farm
02:43 Barracks
06:43 Keep
06:48 Farm
06:51 Arcane Vault
06:57 Farm
06:59 Farm
07:18 Farm
09:11 Arcane Sanctum
09:11 Arcane Sanctum
10:21 Farm
10:22 Farm
10:50 Farm
11:06 Farm
12:23 Workshop
12:23 Workshop
12:24 Workshop
12:54 Farm
13:17 Farm
» items
| Scroll of Regeneration | 1 | |
| Lesser Clarity Potion | 1 | |
| Mechanical Critter | 3 | |
| Boots of Speed | 1 | |
| Circlet of Nobility | 2 | |
| Potion of Invisibility | 1 | |
| Potion of Lesser Invulnerability | 2 | |
| Staff of Teleportation | 3 | |
14 total
Chat log
(00:16 / Allies) MeSsi.No9: rush or cc ?
(09:38 / All) 939495969792: lol
(09:41 / All) 939495969792: good harass, got 1 peasant
(11:15 / Allies) DaBarbarian: lumbeR?
(12:55 / Allies) DaBarbarian: lumbers please
(14:18 / Allies) DaBarbarian: wood plez
(15:37 / All) 939495969792: lol
(15:39 / All) POWERBALL-WINNE: lawl
(15:53 / All) freedomainradio: this is why i always expand
(15:59 / All) freedomainradio: because if i don't my idiot teammates will
(16:09 / All) DaBarbarian: I had good items including a pendant
(16:15 / All) DaBarbarian: no enemies to molest
(16:44 / All) 939495969792: I have such a perfect base build
(16:50 / All) 939495969792: my base is impenetrable without cloud
(17:14 / All) 939495969792: reveal my base bob
(17:16 / All) 939495969792: it's ridiculous
(17:24 / Allies) MeSsi.No9: gold
(17:36 / Allies) MeSsi.No9: gold
(17:38 / Allies) MeSsi.No9: oramge
(17:45 / Allies) MeSsi.No9: orange
(18:19 / Allies) MeSsi.No9: gold
(18:25 / Allies) MeSsi.No9: orange
(18:33 / Allies) MeSsi.No9: wtf
(18:34 / Allies) MeSsi.No9: 4k
(19:01 / Allies) DaBarbarian: come on guys
(19:06 / Allies) MeSsi.No9: gold
(19:16 / Allies) https: look at his base
(19:19 / All) DaBarbarian: yellow must be on strike
(19:21 / All) DaBarbarian: demanding gold
(19:31 / Allies) MeSsi.No9: only 50 food orange
(19:31 / Allies) https: gg
(19:41 / Allies) DaBarbarian: yes thanks for the advice
(20:01 / Allies) MeSsi.No9: give me gold
(20:02 / Allies) MeSsi.No9: orange
(20:09 / Allies) DaBarbarian: when you drop food
(20:13 / Allies) DaBarbarian: otherwise it's wasted on taxes
(20:17 / All) 939495969792: cowards
(20:20 / Allies) MeSsi.No9: wtf moob
(20:20 / All) 939495969792: attack us, noob
(20:48 / Allies) MeSsi.No9: we lose
(20:49 / All) DaBarbarian: I got some cowards for allies
(20:53 / Allies) DaBarbarian: LET'S HIT
(20:55 / Allies) MeSsi.No9: only 50 food ornage
(21:06 / Allies) MeSsi.No9: fuck u
(21:09 / Allies) DaBarbarian: you're sitting in your base like a baby dude
(21:11 / Allies) DaBarbarian: come on man
(21:17 / Allies) MeSsi.No9: 대가리 똥만 찼나 씨발년아
(21:42 / All) DaBarbarian: zzz
(21:51 / All) DaBarbarian: biggest baby back bitches I have EVER been saddled with
(21:56 / All) MeSsi.No9: orange is only ro f00d
(22:04 / All) MeSsi.No9: fucking noob orange
(22:08 / All) DaBarbarian: Grow some balls and let's attack ayou pussy
(22:19 / All) MeSsi.No9: 8k
(22:25 / All) MeSsi.No9: fucking orange
(22:30 / All) MeSsi.No9: attack orange
(23:19 / Allies) MeSsi.No9: fuck u
(23:33 / Allies) https: will tp
(23:43 / Allies) https: yellow
(23:53 / All) DaBarbarian: CHARGE
(24:14 / All) 939495969792: that is one big clusterfuck
(24:19 / All) 939495969792: classic 4v4 clusterfuck if I ever saw one
(25:16 / Allies) MeSsi.No9: gold pramge
(25:21 / All) DaBarbarian: haha no
(25:24 / All) DaBarbarian: I don't donate to charities
(25:46 / All) DaBarbarian: do I look like the salvation army ylelow?
(25:48 / All) DaBarbarian: fucking scrub
(25:49 / All) MeSsi.No9: ornage fucking noob 10k
(25:55 / All) 939495969792: fucking scrubs lol
(25:56 / All) 939495969792: ez win 2v4
(25:59 / All) POWERBALL-WINNE: yellow did a lot of hero focusing
(26:05 / All) 939495969792: yellow did a lot of fucking nothing
(26:16 / All) 939495969792: yellow is a super mega noob
(26:30 / All) 939495969792: hahahaha pink noob getting tked?
(27:41 / All) POWERBALL-WINNE: im a little slow
(28:22 / All) DaBarbarian: A COWARD DIES A THOUSAND DEATHS, THE BRAVE TASTE OF DEATH BUT ONCE
(28:28 / Allies) MeSsi.No9: 이씨발년아 나가 뒤져라
(28:34 / Allies) MeSsi.No9: 너같은 개새끼는 한큐여
(29:10 / All) 939495969792: told you this game would blow lawl
(29:32 / All) DaBarbarian: leavers ruin the game~!
(29:36 / All) DaBarbarian: leavers no fun!
(29:50 / All) 939495969792: almost levvel 10 am
(29:55 / All) 939495969792: nothing to use it on
(30:12 / All) 939495969792: we need a good decent ell market square or twilight game
(30:22 / All) 939495969792: jake how is your hero only level 5 lo.,
(30:23 / All) 939495969792: lol
(30:32 / All) POWERBALL-WINNE: it died in that big fight
(30:46 / All) 939495969792: I thought chims were more than 5 food for some reason
(30:53 / All) 939495969792: thought they were like wyrm food, 7 or something
(32:25 / All) DaBarbarian: chims only 5 food cuz they only attack ground
(32:48 / All) DaBarbarian: the wages of cowardice is defeat
(33:15 / All) https: says 50/100 food supply army noob
(33:23 / All) DaBarbarian: You die because I say you die, coward
(33:25 / Allies) https: who got mad
(33:28 / All) DaBarbarian: You lose, because I demand it
(33:31 / All) https: and started bs
(33:45 / All) DaBarbarian: If you had attacked like I wanted maybe you would have tasted victory
(33:50 / All) https: face it
(33:53 / All) DaBarbarian: You'll live with this regret for an eternity, coward
(34:05 / All) DaBarbarian: Your record is RUINED
(34:05 / All) https: he wanted to attack green main
(34:08 / All) DaBarbarian: Your reputation is FINISHED
(34:14 / All) DaBarbarian: You can never show your face on battle net again
(34:40 / All) https: with his 50 food supply army
(35:03 / All) DaBarbarian: lol
(35:06 / All) DaBarbarian: I sold my staff for dust
(35:19 / All) POWERBALL-WINNE: and i bought staff!
(35:20 / All) https: no one cares oj
(35:35 / All) DaBarbarian: were you enthralled with my tale, gentlemen?
(35:45 / All) 939495969792: how the hell did my hero die
(35:47 / All) 939495969792: was alt tabbed
(35:57 / All) POWERBALL-WINNE: thats a good pic
(35:58 / All) POWERBALL-WINNE: Rod
(36:07 / All) 939495969792: it's the only good thing out of this shitty ass game
(36:16 / All) 939495969792: http://i.imgur.com/iv7ijBx.jpg for replay reference
(36:23 / All) DaBarbarian: They were enthralled iwth my tale because some people DO care
(36:28 / All) 939495969792: definition of a 4v4 clusterfuck where all you can do is attack move
(36:35 / All) 939495969792: warcraft 3 is the micro intensive rts :^)
(36:41 / All) DaBarbarian: every 4v4 used to be like that back in the day
(36:50 / All) 939495969792: yeah
(36:50 / All) DaBarbarian: that or RUSH RUSH RUSH
(37:05 / All) DaBarbarian: Well so long pink
(37:07 / All) DaBarbarian: ya fucking pussy
(37:14 / All) DaBarbarian: fitting color yo uwoman
(37:14 / All) 939495969792: It shares unit control with leavers and you can take it away
(37:18 / All) 939495969792: but they're leavers so they can't use it